 Dungeon Crawl Stone Soup version 0.31-a0-149-g3fdcc59 (webtiles) character file.

Game seed: 1471967156113505097

14 jagoly the Trooper (level 2, 0/26 HPs)
             Began as a Draconian Chaos Knight on June 7, 2023.
             Was a Plaything of Xom.
             Slain by a sun demon (11 damage)
             ... summoned by Xom
             ... on level 1 of the Dungeon.
             The game lasted 00:03:48 (671 turns).

jagoly the Trooper (Draconian Chaos Knight)          Turns: 671, Time: 00:03:49

Health: 0/26       AC:  4    Str: 14    XL:     2   Next: 27%
Magic:  2/2        EV: 12    Int: 12    God:    Xom [......]
Gold:   98         SH:  0    Dex: 10    Spells: 1/1 levels left

rFire   . . .        a - +0 spear (chaos)
rCold   . . .        (no shield)
rNeg    . . .        (body armour unavailable)
rPois   .            (helmet restricted)
rElec   .            (no cloak)
rCorr   .            (no gloves)
SInv    .            (no boots)
Will    .....        (no amulet)
Stlth   ++           (no ring)
HPRegen 0.24/turn    (no ring)
MPRegen 0.08/turn

%: no passive effects
@: no status effects
A: AC +4, unfitting armour, cold-blooded
a: Renounce Religion


You were on level 1 of the Dungeon.
You worshipped Xom.
You were a very special plaything of Xom.
You visited 1 branch of the dungeon, and saw 1 of its levels.

You collected 98 gold pieces.

Inventory:

Hand Weapons
 a - a +0 spear of chaos (weapon)
Missiles
 e - 7 stones
Jewellery
 g - a ring of fire
Scrolls
 c - a scroll of enchant armour {unknown}
Potions
 d - 2 potions of curing {unknown}
 f - a potion of degeneration {unknown}
Miscellaneous
 b - a piece from Xom's chessboard (15/15) (quivered)


   Skills:
 + Level 3.3 Fighting
 * Level 3.0 Polearms
 + Level 2.1 Dodging
 - Level 2.0 Stealth


You had one spell level left.
You didn't know any spells.
Your spell library was empty.

Dungeon Overview and Level Annotations

Branches:
Dungeon (1/15) Zot: 5326

Altars:


Innate Abilities, Weirdness & Mutations

Your plain brown scales are hard. (AC +4)
You cannot fit into any form of body armour.
You are cold-blooded and may be slowed by cold attacks.


Message History

Welcome, jagoly the Draconian Chaos Knight.
Will you prevail where others failed? Will you find the Orb of Zot?
Xom says: A new plaything!
Press ? for a list of commands and other information.
Found a scroll labelled ZIMEPTE NUYPN.
Found a staircase leading out of the dungeon.
c - a scroll labelled ZIMEPTE NUYPN You aren't carrying any potions.
Unknown command.
Okay, then.
Okay, then.
You open the door.
There is an open door here.
As you open the door, it creaks loudly!
There is an open door here.
There is an open door here.
You open the door.
There is an open door here.
Found 4 gold pieces.
You now have 4 gold pieces.
Found an amethyst potion.
You open the door.
There is an open door here.
There is an open door here.
d - an amethyst potion
Found a scale mail.
A kobold comes into view. It is wielding a +0 short sword.
The kobold shouts!
You start waiting.
A kobold is nearby!
The kobold barely misses you.
You hit the kobold.
You kill the kobold!
No target in view!
Things that are here:
a +0 short sword; a kobold corpse You now have 14 gold pieces (gained 10).
You open the door.
There is an open door here.
You almost hear Xom's maniacal laughter.
Nothing appears to happen...
Ominous!
You are now a very special plaything of Xom.
Found a ring mail.
You see here a +0 ring mail.
A frilled lizard comes into view.
A frilled lizard is nearby!
You reach to attack!
The helpless frilled lizard fails to defend itself.
You hit the frilled lizard. You burn the frilled lizard.
You kill the frilled lizard!
No target in view!
No target in view!
You see here a +0 ring mail.
There is an open door here.
d - 2 amethyst potions (gained 1) "Let's go for a ride!"
Your surroundings suddenly seem different.
Found a jade ring and 8 gold pieces.
Your surroundings suddenly seem different.
Your surroundings suddenly seem different.
Your surroundings suddenly seem different.
A kobold comes into view. It is wielding a +0 short sword.
Found 13 gold pieces.
Your surroundings suddenly seem different.
Your surroundings suddenly seem different. 2 kobolds come into view.
Found a plate armour.
A bat comes into view.
The kobold moves out of view.
Unknown command.
Unknown command.
The bat hits you but does no damage.
You barely miss the bat.
Your tail-slap misses the bat.
The bat barely misses you. The bat closely misses you.
You hit the bat.
You kill the bat!
No target in view!
The kobold shouts!
You hear a shout!
You see here a bat corpse.
You barely miss the kobold. The kobold closely misses you.
You hit the kobold but do no damage.
You tail-slap the kobold, but do no damage.
The kobold barely misses you.
You hit the kobold.
You kill the kobold!
The kobold throws a stone.
The stone barely misses you.
Your Stealth skill increases to level 1!
You reach to attack!
You miss the kobold. You hit the kobold.
The kobold suddenly stops moving!
The kobold is severely wounded.
The helpless kobold fails to defend itself.
You hit the kobold.
You kill the kobold!
No target in view!
Items here: ( )) †.
Press: ? - help, v - describe, . - travel, g - get item
Items here: ( )) †.
The floor.
e - 3 stones You see here a bat corpse.
Found a hand axe.
You now have 27 gold pieces (gained 13).
You open the door.
There is an open door here.
You now have 33 gold pieces (gained 6).
There is an open door here.
You now have 43 gold pieces (gained 10).
As you open the door, it creaks loudly!
There is an open door here.
You open the door.
A giant cockroach comes into view.
Found an escape hatch in the floor.
There is an open door here.
You hit the giant cockroach.
The giant cockroach is poisoned.
The giant cockroach is heavily wounded.
You kill the giant cockroach!
No target in view!
You see here a giant cockroach corpse.
A hobgoblin comes into view.
The hobgoblin shouts!
You hit the hobgoblin.
Lightning courses through the hobgoblin!
You kill the hobgoblin!
You have reached level 2!
Found a club.
Found a dagger.
e - 5 stones (gained 2) As you open the door, it creaks loudly!
There is an open door here.
You now have 55 gold pieces (gained 12).
You open the door.
There is an open door here.
A hobgoblin comes into view.
The hobgoblin shouts!
You hear a shout!
A kobold comes into view. It is wielding a +0 dagger.
You hear a shout!
There are monsters nearby!
A goblin and a hobgoblin come into view.
Found 2 stones.
The goblin shouts!
You reach to attack!
You hit the kobold but do no damage. You closely miss the kobold.
Your tail-slap misses the kobold.
The kobold hits you with a +0 dagger.
The hobgoblin shouts!
You hit the kobold but do no damage. The kobold closely misses you.
You barely miss the kobold.
Your tail-slap misses the kobold.
The kobold closely misses you.
You closely miss the kobold. The kobold hits you but does no damage.
You closely miss the kobold. The kobold hits you with a +0 dagger.
You completely miss the kobold. You tail-slap the kobold.
You kill the kobold!
You hit the hobgoblin but do no damage. The hobgoblin hits you.
You barely miss the hobgoblin.
The hobgoblin hits you but does no damage.
You hit the hobgoblin. You freeze the hobgoblin.
You kill the hobgoblin!
You hit the hobgoblin.
You kill the hobgoblin!
You barely miss the goblin.
Your tail-slap misses the goblin.
The goblin hits you but does no damage.
You closely miss the goblin. The goblin hits you but does no damage.
You hit the goblin.
You kill the goblin!
Training target 2.0 for Stealth reached!
Your Stealth skill increases to level 2!
You need to enable at least one skill for training.
HP restored.
Items here: )) ††.
You enter the shallow water.
Moving in this stuff is going to be slow.
e - 7 stones (gained 2)
A kobold is nearby!
The kobold shouts!
You hit the kobold.
You kill the kobold!
No target in view!
You now have 68 gold pieces (gained 13).
f - a fuming blue potion You now have 76 gold pieces (gained 8).
Xom is getting BORED.
g - a ring of fire
Found a stone staircase leading down.
You now have 87 gold pieces (gained 11).
You open the door.
Xom is getting BORED.
There is an open door here.
You open the door.
There is an open door here.
You now have 98 gold pieces (gained 11).
You are now a BORING thing. "Let's see if it's strong enough to survive yet."
You are now a very special plaything of Xom.
There is an open door here.
Okay, then.
Press: ? - help, v - describe, . - travel
Here: a sun demon (summoned)
The floor.
Unknown command.
Press: ? - help, v - describe, . - travel An open door.
The white imp attacks as you move away! The white imp hits you.
The white imp freezes you.
You feel yourself slow down.
You hit the white imp but do no damage.
Space warps horribly around the white imp!!
You kill the white imp!
The white imp disappears in a puff of smoke!
You feel yourself speed up. The sun demon hits you!
* * * LOW HITPOINT WARNING * * *
You are engulfed in flames!
You die... "It's all fun and games until someone loses an eye."

#.#........# ..... #.#........#
..... #.###.###### ..... #.# #.#
..... ...####.###.####### ####
#.................
######.########### #.# #.# .. #@#
#.# .## #####3########### #.#
..## #...............## #.# +###
..###.....)..........###.#
...#####.#.+).................#.#
.........#.#..............#.#...#
...........#....................#
†.....>.............#####.#.#....
'##.......#########.# #........


You could see a sun demon (summoned).

Vanquished Creatures
  A giant cockroach (D:1)
  A goblin (D:1)
  3 hobgoblins (D:1)
  5 kobolds (D:1)
  A bat (D:1)
  A frilled lizard (D:1)
12 creatures vanquished.

Notes
Turn   | Place    | Note
-------+----------+-------------------------------------------
     0 | D:1      | jagoly the Draconian Chaos Knight began the quest for the
                  | Orb.
     0 | D:1      | Reached XP level 1. HP: 19/19 MP: 1/1
   197 | D:1      | XOM: silly message
   352 | D:1      | XOM: 6-stop teleportation journey
   385 | D:1      | Reached skill level 1 in Stealth
   472 | D:1      | Reached XP level 2. HP: 26/26 MP: 2/2
   669 | D:1      | XOM is BORED!
   669 | D:1      | XOM: summons 2 hostile demons
   670 | D:1      | Noticed a sun demon
   671 | D:1      | Slain by a sun demon

Illustrated notes

Levels and vault maps discovered:
D:1:      elethiomel_arrival_infinity_welcomes_careful_drivers, layout_basic,
          serial_glass, glass_columns_a, glass_columns_a, serial_bayou_pond_b

Skill      XL: |  1  2 |
---------------+-------+-----
Stealth        | 1 2 |  2.0
Fighting       | |  3.3
Polearms       | |  3.0
Dodging        | |  2.1

Action                     || total
---------------------------++-------
  Melee: Spear             ||    28
         Tailslap          ||     2
   Stab: Paralysed         ||     1
         Sleeping          ||     1
 Armour: Skin              ||     5
  Dodge: Dodged            ||     8

Table legend: (Time is in decaauts)
 A = Elapsed time spent in this place.
 B = Non-inter-level travel time spent in this place.
 C = Inter-level travel time spent in this place.
 D = Time resting spent in this place.
 E = Time spent auto-exploring this place.
 F = Levels seen in this place.
 G = Mean time per level.
                   A        B        C        D        E       F      G
               +--------+--------+--------+--------+--------+-----+--------+
         Total |    671 |    671 |      0 |      6 |    405 |   1 |  671.0 |
       Dungeon |    671 |    671 |      0 |      6 |    405 |   1 |  671.0 |
               +--------+--------+--------+--------+--------+-----+--------+

Top non-repeatable levels by time:
     D:1: 671 daAuts
